| TOP OF THE 1ST |
|
Washington State University Cougars batting - Pitching for Wichita State University Shockers : RHP Edwin Torres
|
|
Pitching: RHP Edwin Torres
|
|
|
Batting: LHB Randolph Brodbeck
|
0-0: Fly out, F6 (Line Drive, 6, EV 62.5 MPH)
|
|
Batting: RHB Noe Oliva
|
0-0: Ball 1-0: Called Strike 1-1: Swinging Strike 1-2: Ground out 6-3 (Groundball, 6S, EV 90.6 MPH)
|
|
Batting: RHB Jon Chatman
|
0-0: Ball 1-0: Called Strike 1-1: Ball 2-1: Called Strike 2-2: Foul Ball, location: 2F 2-2: Foul Ball, location: 2F 2-2: Foul Ball, location: 2F 2-2: Ball 3-2: Base on Balls
|
|
Batting: RHB Ruben Arreola
|
0-0: Ball 1-0: Fly out, F8 (Flyball, 8RD, EV 79.4 MPH)
|
| Top of the 1st over - 0 runs, 0 hits, 0 errors, 1 left on base; Washington State University 0 - Wichita State University 0 |
| BOTTOM OF THE 1ST |
|
Wichita State University Shockers batting - Pitching for Washington State University Cougars : RHP Jonathan Holland
|
|
Pitching: RHP Jonathan Holland
|
|
|
Batting: RHB Juan Nieves
|
0-0: Foul Ball, location: 2F 0-1: Ball 1-1: Foul Ball, location: 2F 1-2: Ball 2-2: Strikes out looking
|
|
Batting: RHB Tony Gonzales
|
0-0: Foul Ball, location: 2F 0-1: Ball 1-1: Foul Ball, location: 2F 1-2: Foul Ball, location: 2F 1-2: Strikes out looking
|
|
Batting: RHB David Bousfield
|
0-0: Called Strike 0-1: Ball 1-1: Ball 2-1: Ball 3-1: Base on Balls
|
|
Batting: RHB Ryan LeSueur
|
0-0: Swinging Strike 0-1: Ball 1-1: Foul Ball, location: 2F 1-2: Ball 2-2: Foul Ball, location: 2F 2-2: Ground out 5-3 (Groundball, 56S, EV 86.2 MPH)
|
| Bottom of the 1st over - 0 runs, 0 hits, 0 errors, 1 left on base; Washington State University 0 - Wichita State University 0 |
| TOP OF THE 2ND |
|
Washington State University Cougars batting - Pitching for Wichita State University Shockers : RHP Edwin Torres
|
|
Batting: RHB Luis Mendoza
|
0-0: Ball 1-0: Fly out, F8 (Flyball, 8LXD, EV 80.6 MPH)
|
|
Batting: LHB Victor Estrada
|
0-0: Ball 1-0: Called Strike 1-1: Foul Ball, location: 2F 1-2: Ball 2-2: Ground out 4-3 (Groundball, 4M, EV 76.9 MPH)
|
|
Batting: LHB Alex Benabides
|
0-0: Ball 1-0: Ball 2-0: Called Strike 2-1: Swinging Strike 2-2: SINGLE (Line Drive, 8LS, EV 103.1 MPH)
|
|
Batting: LHB Toby Clark
|
0-0: Ball 1-0: Ball 2-0: Ball 3-0: Called Strike 3-1: Foul Ball, location: 2F 3-2: SINGLE (Line Drive, 56D, EV 96.2 MPH) Alex Benabides to second Alex Benabides to third
|
|
Batting: RHB Wilson Salgado
|
0-0: Called Strike 0-1: Fly out, F9 (Flyball, 9, EV 95.6 MPH)
|
| Top of the 2nd over - 0 runs, 2 hits, 0 errors, 2 left on base; Washington State University 0 - Wichita State University 0 |
| BOTTOM OF THE 2ND |
|
Wichita State University Shockers batting - Pitching for Washington State University Cougars : RHP Jonathan Holland
|
|
Batting: RHB Butch Huskey
|
0-0: Foul Ball, location: 2F 0-1: Foul Ball, location: 2F 0-2: SINGLE (Flyball, 4D, EV 81.9 MPH)
|
|
Batting: RHB Aaron Sartini
|
0-0: Ball 1-0: Fly out, F3 (Popup, 3SF, EV 81.2 MPH)
|
|
Batting: RHB Matt Derry
|
0-0: Foul Ball, location: 2F 0-1: Called Strike 0-2: Foul Ball, location: 2F 0-2: Strikes out looking
|
|
Batting: RHB Larry Berge
|
0-0: Fly out, F5 (Popup, 56S, EV 66.9 MPH)
|
| Bottom of the 2nd over - 0 runs, 1 hit, 0 errors, 1 left on base; Washington State University 0 - Wichita State University 0 |
| TOP OF THE 3RD |
|
Washington State University Cougars batting - Pitching for Wichita State University Shockers : RHP Edwin Torres
|
|
Batting: LHB Randolph Brodbeck
|
0-0: Ball 1-0: Called Strike 1-1: Swinging Strike 1-2: SINGLE (Flyball, 34D, EV 95.0 MPH)
|
|
Batting: RHB Noe Oliva
|
0-0: Ball 1-0: Called Strike 1-1: Grounds into double play, 5-4-3 (Groundball, 5, EV 85.6 MPH)
|
|
Batting: RHB Jon Chatman
|
0-0: Ball 1-0: Ball 2-0: Ball 3-0: Base on Balls
|
|
Batting: RHB Ruben Arreola
|
0-0: Ball 1-0: Fly out, F7 (Flyball, 7LSF, EV 87.5 MPH)
|
| Top of the 3rd over - 0 runs, 1 hit, 0 errors, 1 left on base; Washington State University 0 - Wichita State University 0 |
| BOTTOM OF THE 3RD |
|
Wichita State University Shockers batting - Pitching for Washington State University Cougars : RHP Jonathan Holland
|
|
Batting: RHB Juan Mercado
|
0-0: Called Strike 0-1: Ground out 5-3 (Groundball, 56, EV 82.5 MPH)
|
|
Batting: RHB Juan Nieves
|
0-0: SINGLE (Groundball, P, EV 82.5 MPH) (infield hit)
|
|
Batting: RHB Tony Gonzales
|
0-0: Ball 1-0: DOUBLE (Line Drive, 5D, EV 93.8 MPH) Juan Nieves to third Runner from 3rd tries for Home, SAFE, throw by LF to home
|
|
Batting: RHB David Bousfield
|
0-0: Ball 1-0: SINGLE (Groundball, 4MD, EV 106.9 MPH) Tony Gonzales to third Runner from 3rd tries for Home, SAFE, throw by CF to home David Bousfield to second
|
|
Batting: RHB Ryan LeSueur
|
0-0: Called Strike 0-1: Ball 1-1: Foul Ball, location: 2F 1-2: Strikes out swinging
|
|
Batting: RHB Butch Huskey
|
0-0: Called Strike 0-1: Swinging Strike 0-2: Ball 1-2: Strikes out swinging
|
| Bottom of the 3rd over - 2 runs, 3 hits, 0 errors, 1 left on base; Washington State University 0 - Wichita State University 2 |
| TOP OF THE 4TH |
|
Washington State University Cougars batting - Pitching for Wichita State University Shockers : RHP Edwin Torres
|
|
Batting: RHB Luis Mendoza
|
0-0: Foul Ball, location: 2F 0-1: Ball 1-1: Fly out, F7 (Line Drive, 7D, EV 89.4 MPH)
|
|
Batting: LHB Victor Estrada
|
0-0: DOUBLE (Line Drive, 78D, EV 106.9 MPH)
|
|
Batting: LHB Alex Benabides
|
0-0: Ball 1-0: Ball 2-0: Ball 3-0: Called Strike 3-1: Foul Ball, location: 2F 3-2: Foul Ball, location: 2F 3-2: Fly out, F9 (Flyball, 89D, EV 98.1 MPH)
|
|
Batting: LHB Toby Clark
|
0-0: Ball 1-0: SINGLE (Groundball, 6MD, EV 101.9 MPH) Victor Estrada to third Runner from 3rd tries for Home, SAFE, throw by CF to home
|
|
Batting: RHB Wilson Salgado
|
0-0: Ball 1-0: Foul Ball, location: 2F 1-1: Ball 2-1: Ball 3-1: Fielders Choice at 2nd, 5-4 (Groundball, 56, EV 91.2 MPH)
|
| Top of the 4th over - 1 run, 2 hits, 0 errors, 1 left on base; Washington State University 1 - Wichita State University 2 |
| BOTTOM OF THE 4TH |
|
Wichita State University Shockers batting - Pitching for Washington State University Cougars : RHP Jonathan Holland
|
|
Batting: RHB Aaron Sartini
|
0-0: Ball 1-0: Ball 2-0: Called Strike 2-1: Swinging Strike 2-2: Ball 3-2: Reached on error, E3 (Groundball, 34S, EV 81.2 MPH)
|
|
Batting: RHB Matt Derry
|
0-0: Ball 1-0: Ball 2-0: Foul Ball, location: 2F 2-1: Ball 3-1: Fielders Choice at 2nd, 6-4 (Groundball, 56, EV 81.2 MPH)
|
|
Batting: RHB Larry Berge
|
0-0: Swinging Strike 0-1: Ball 1-1: Ball 2-1: Foul Ball, location: 2F 2-2: Ball 3-2: Base on Balls Matt Derry to second
|
|
Batting: RHB Juan Mercado
|
0-0: Called Strike 0-1: Ball 1-1: DOUBLE (Line Drive, 5D, EV 105.0 MPH) Matt Derry scores Larry Berge to third
|
|
Pinch Hitting: RHB Terry Cisneros
|
0-0: Ground out 1-3 (Groundball, 34S, EV 68.1 MPH)
|
|
Pinch Hitting: LHB Simon Barry
|
0-0: Fly out, F7 (Flyball, 78M, EV 85.6 MPH)
|
| Bottom of the 4th over - 1 run, 1 hit, 1 error, 2 left on base; Washington State University 1 - Wichita State University 3 |
| TOP OF THE 5TH |
|
Washington State University Cougars batting - Pitching for Wichita State University Shockers : RHP Edwin Torres
|
|
Now at C: Jayden Lindsey
|
|
|
Now at 1B: John Hunt
|
|
|
Now at 3B: Jason Farr
|
|
|
Now at SS: Adam McMillen
|
|
|
Now in LF: Sammar Wambugu
|
|
|
Pinch Hitting: RHB Jesus Montoya
|
0-0: Called Strike 0-1: Ball 1-1: Fly out, F8 (Flyball, 89D, EV 94.4 MPH)
|
|
Batting: RHB Noe Oliva
|
0-0: Ball 1-0: Ground out 4-3 (Groundball, 4, EV 98.8 MPH)
|
|
Batting: RHB Jon Chatman
|
0-0: Ball 1-0: Called Strike 1-1: Ball 2-1: Fly out, F8 (Flyball, 8RS, EV 88.1 MPH)
|
| Top of the 5th over - 0 runs, 0 hits, 0 errors, 0 left on base; Washington State University 1 - Wichita State University 3 |
| BOTTOM OF THE 5TH |
|
Wichita State University Shockers batting - Pitching for Washington State University Cougars : RHP Jonathan Holland
|
|
Now at 1B: Leo Lopez
|
|
|
Now in LF: Jesus Montoya
|
|
|
Batting: RHB Jayden Lindsey
|
0-0: Called Strike 0-1: Ball 1-1: Foul Ball, location: 2F 1-2: Ground out 4-3 (Groundball, 4, EV 91.9 MPH)
|
|
Pinch Hitting: RHB Ray Johnson
|
0-0: Ball 1-0: Ball 2-0: Called Strike 2-1: DOUBLE (Line Drive, 78D, EV 101.9 MPH)
|
|
Pitching: RHP Victor Altagracia
|
|
|
Batting: RHB Butch Huskey
|
0-0: Called Strike 0-1: Ball 1-1: Foul Ball, location: 2F 1-2: Ball 2-2: Ball 3-2: Strikes out swinging
|
|
Batting: SHB Sammar Wambugu
|
0-0: Foul Ball, location: 2F 0-1: Ball 1-1: Ball 2-1: Foul Ball, location: 2F 2-2: Ball 3-2: Foul Ball, location: 2F 3-2: Foul Ball, location: 2F 3-2: SINGLE (Groundball, 34, EV 103.8 MPH) Ray Johnson to third Runner from 3rd tries for Home, SAFE, throw by RF to home
|
|
Batting: RHB Adam McMillen
|
0-0: Foul Ball, location: 2F 0-1: Foul Ball, location: 2F 0-2: Strikes out swinging
|
| Bottom of the 5th over - 1 run, 2 hits, 0 errors, 1 left on base; Washington State University 1 - Wichita State University 4 |
| TOP OF THE 6TH |
|
Washington State University Cougars batting - Pitching for Wichita State University Shockers : RHP Edwin Torres
|
|
Pitching: RHP Fikre Taalib
|
|
|
Now at 2B: David Lucarelli
|
|
|
Now in LF: Ray Johnson
|
|
|
Now in CF: Sammar Wambugu
|
|
|
Batting: LHB Alex Gutierrez
|
0-0: Called Strike 0-1: Ball 1-1: Fly out, F9 (Flyball, 9, EV 85.0 MPH)
|
|
Pinch Hitting: RHB Eric Kent
|
0-0: Ball 1-0: Foul Ball, location: 2F 1-1: Swinging Strike 1-2: Fly out, F8 (Line Drive, 8RD, EV 101.2 MPH)
|
|
Pinch Hitting: RHB Rich Griffith
|
0-0: Ball 1-0: Swinging Strike 1-1: Fly out, F9 (Flyball, 9LS, EV 90.6 MPH)
|
| Top of the 6th over - 0 runs, 0 hits, 0 errors, 0 left on base; Washington State University 1 - Wichita State University 4 |
| BOTTOM OF THE 6TH |
|
Wichita State University Shockers batting - Pitching for Washington State University Cougars : RHP Victor Altagracia
|
|
Now at 2B: Rich Griffith
|
|
|
Now at 3B: Eric Kent
|
|
|
Now at SS: Victor Borras
|
|
|
Batting: RHB David Lucarelli
|
0-0: Foul Ball, location: 2F 0-1: SINGLE (Groundball, 6MD, EV 96.9 MPH)
|
|
Batting: RHB Emilio Guerra
|
0-0: Called Strike 0-1: Ball 1-1: Foul Ball, location: 2F 1-2: Strikes out swinging
|
|
Batting: SHB Jason Farr
|
0-0: Ball 1-0: Ball 2-0: Swinging Strike 2-1: Swinging Strike 2-2: Strikes out swinging
|
|
Batting: RHB John Hunt
|
0-0: Called Strike 0-1: Reached via error on a dropped throw from 2B, E3 (Groundball, 4, EV 103.1 MPH) David Lucarelli to second
|
|
Batting: RHB Jayden Lindsey
|
0-0: Ball 1-0: Ground out 4-3 (Groundball, 4, EV 80.0 MPH)
|
| Bottom of the 6th over - 0 runs, 1 hit, 1 error, 2 left on base; Washington State University 1 - Wichita State University 4 |
| TOP OF THE 7TH |
|
Washington State University Cougars batting - Pitching for Wichita State University Shockers : RHP Fikre Taalib
|
|
Pitching: LHP Brent Edens
|
|
|
Now in RF: Perry Renouf
|
|
|
Pinch Hitting: RHB Dave Beerman
|
0-0: Called Strike 0-1: Called Strike 0-2: Strikes out looking
|
|
Batting: RHB Leo Lopez
|
0-0: Called Strike 0-1: Foul Ball, location: 2F 0-2: Fly out, F8 (Flyball, 8RD, EV 93.1 MPH)
|
|
Batting: RHB Victor Borras
|
0-0: Called Strike 0-1: Foul Ball, location: 2F 0-2: Ball 1-2: Strikes out swinging
|
| Top of the 7th over - 0 runs, 0 hits, 0 errors, 0 left on base; Washington State University 1 - Wichita State University 4 |
| BOTTOM OF THE 7TH |
|
Wichita State University Shockers batting - Pitching for Washington State University Cougars : RHP Victor Altagracia
|
|
Pitching: RHP Alberto Zumaya
|
|
|
Now at C: Camillo Bonauiti
|
|
|
Now in LF: Paul Mooris
|
|
|
Now in CF: Jesus Montoya
|
|
|
Now in RF: Dave Beerman
|
|
|
Batting: RHB Ray Johnson
|
0-0: Ball 1-0: Ball 2-0: Called Strike 2-1: Ball 3-1: Called Strike 3-2: Base on Balls
|
|
Batting: RHB Perry Renouf
|
0-0: Ball Ray Johnson steals 2nd base 1-0: Swinging Strike 1-1: Ball 2-1: Ball 3-1: DOUBLE (Line Drive, 9LM, EV 102.5 MPH) Ray Johnson scores
|
|
Batting: SHB Sammar Wambugu
|
0-0: Called Strike 0-1: Foul Ball, location: 2F 0-2: Strikes out looking
|
|
Batting: RHB Adam McMillen
|
0-0: Fly out, F9 (Line Drive, 9S, EV 101.9 MPH)
|
|
Batting: RHB David Lucarelli
|
0-0: Foul Ball, location: 2F 0-1: Fly out, F8 (Flyball, 8LS, EV 88.8 MPH)
|
| Bottom of the 7th over - 1 run, 1 hit, 0 errors, 1 left on base; Washington State University 1 - Wichita State University 5 |
| TOP OF THE 8TH |
|
Washington State University Cougars batting - Pitching for Wichita State University Shockers : LHP Brent Edens
|
|
Pitching: RHP Cortez Restrepo
|
|
|
Pinch Hitting: LHB Cameron Marinelli
|
0-0: Called Strike 0-1: Ground out 5-3 (Groundball, 56, EV 76.9 MPH)
|
|
Batting: RHB Camillo Bonauiti
|
0-0: Ball 1-0: Ball 2-0: Ball 3-0: Called Strike 3-1: Base on Balls
|
|
Batting: LHB Paul Mooris
|
0-0: Fielders Choice at 2nd, 4-6 (Groundball, 4M, EV 107.5 MPH)
|
|
Batting: LHB Alex Gutierrez
|
0-0: Ball 1-0: Swinging Strike 1-1: Fly out, F8 (Line Drive, 8LM, EV 88.8 MPH)
|
| Top of the 8th over - 0 runs, 0 hits, 0 errors, 1 left on base; Washington State University 1 - Wichita State University 5 |
| BOTTOM OF THE 8TH |
|
Wichita State University Shockers batting - Pitching for Washington State University Cougars : RHP Alberto Zumaya
|
|
Now in LF: Dave Beerman
|
|
|
Now in CF: Paul Mooris
|
|
|
Now in RF: Miguel Pacheco
|
|
|
Batting: RHB Ruben Moreno
|
0-0: Ball 1-0: Ball 2-0: Ball 3-0: Called Strike 3-1: Foul Ball, location: 2F 3-2: Foul Ball, location: 2F 3-2: Foul Ball, location: 2F 3-2: Base on Balls
|
|
Batting: SHB Jason Farr
|
0-0: Ball 1-0: Called Strike 1-1: Ball 2-1: SINGLE (Groundball, 3S, EV 61.9 MPH) (infield hit) Ruben Moreno to second
|
|
Batting: RHB John Hunt
|
0-0: Foul Ball, location: 2F 0-1: Fly out, F9 (Line Drive, 9, EV 107.5 MPH)
|
|
Batting: RHB Jayden Lindsey
|
0-0: Called Strike 0-1: Ball 1-1: Ball 2-1: Ball 3-1: Foul Ball, location: 2F 3-2: Base on Balls Ruben Moreno to third Jason Farr to second
|
|
Pitching: RHP John Stiff
|
|
|
Pinch Hitting: LHB Henry Huezo
|
0-0: Swinging Strike 0-1: Foul Ball, location: 2F 0-2: Foul Ball, location: 2F 0-2: Fly out, F9 (Flyball, 89D, EV 88.8 MPH) Runner from 3rd tags up, SCORES, throw by RF Jason Farr to third
|
|
Batting: RHB Perry Renouf
|
0-0: Ball 1-0: Swinging Strike 1-1: Reached on error, E5 (Groundball, 5, EV 103.1 MPH) Jason Farr scores Jayden Lindsey to second
|
|
Pinch Hitting: RHB Dan Contreras
|
0-0: Foul Ball, location: 2F 0-1: Ball 1-1: Called Strike 1-2: Ball 2-2: Ball 3-2: Strikes out swinging
|
| Bottom of the 8th over - 2 runs, 1 hit, 1 error, 2 left on base; Washington State University 1 - Wichita State University 7 |
| TOP OF THE 9TH |
|
Washington State University Cougars batting - Pitching for Wichita State University Shockers : RHP Cortez Restrepo
|
|
Pitching: RHP Boboy Cacabelos
|
|
|
Now in LF: Henry Huezo
|
|
|
Now in CF: Dan Contreras
|
|
|
Pinch Hitting: LHB Min-zhong Ching
|
0-0: SINGLE (Groundball, 34D, EV 101.9 MPH)
|
|
Pinch Hitting: RHB Alex Perez
|
0-0: Called Strike 0-1: Foul Ball, location: 2F 0-2: Strikes out looking
|
|
Pinch Hitting: SHB Cedric Sweep
|
0-0: Ball 1-0: Called Strike 1-1: Called Strike 1-2: Strikes out swinging
|
|
Batting: RHB Leo Lopez
|
0-0: Ball 1-0: Ball 2-0: SINGLE (Groundball, 13, EV 80.6 MPH) (infield hit) Min-zhong Ching to second
|
|
Pinch Hitting: LHB Tony Moore
|
0-0: Swinging Strike 0-1: Foul Ball, location: 2F 0-2: Ball 1-2: Ball 2-2: 3-RUN HOME RUN (Flyball, 9D, EV 99.4 MPH), Distance : 376 ft
|
|
Pitching: RHP Yan-hao Chiu
|
|
|
Batting: RHB Miguel Pacheco
|
0-0: Fly out, F8 (Flyball, 8RS, EV 91.2 MPH)
|
| Top of the 9th over - 3 runs, 3 hits, 0 errors, 0 left on base; Washington State University 4 - Wichita State University 7 |
|